 Dungeon Crawl Stone Soup version 0.19.0-9-gfd783f2 (webtiles) character file.

1284 Gingerlord the Skirmisher (level 8, -9/124 HPs)
             Began as a Troll Wanderer on Nov 8, 2016.
             Was an Initiate of Makhleb.
             Mangled by jasper's ghost (31 damage)
             ... in a bailey.
             The game lasted 00:12:57 (4952 turns).

Gingerlord the Skirmisher (Troll Wanderer)          Turns: 4952, Time: 00:12:58

Health: -9/124     AC:  7    Str: 28    XL:     8   Next: 29%
Magic:  7/7        EV: 10    Int:  6    God:    Makhleb [......]
Gold:   224        SH:  0    Dex: 11    Spells: 0 memorised, 7 levels left

rFire  . . .     SeeInvis .       - Unarmed
rCold  . . .     Gourm    +     d - +0 robe
rNeg   + . .     Faith    .     (no shield)
rPois  .         Spirit   .     (helmet restricted)
rElec  .         Reflect  .     s - +1 cloak
rCorr  .         Harm     .     (gloves unavailable)
MR     .....                    (boots unavailable)
Stlth  ..........               (no amulet)
                                (no ring)
                                i - ring of positive energy

@: berserking, drained, very quick
A: unfitting armour, claws 3, fast metabolism 3, gourmand, regeneration 1,
shaggy fur 1, tough skin 2
a: Renounce Religion


You were in a bailey.
You worshipped Makhleb.
Makhleb was noncommittal.
You were not hungry.

You visited 2 branches of the dungeon, and saw 9 of its levels.
You also visited: Bailey.

You collected 224 gold pieces.

Inventory:

Armour
 d - a +0 robe (worn)
 s - a +1 cloak (worn)
Jewellery
 i - a ring of positive energy (left claw)
 w - an uncursed amulet of faith {unknown}
 G - an uncursed ring of protection from cold {unknown}
Wands
 h - a wand of digging (13/24)
 m - a wand of teleportation (6/9)
 y - a wand of polymorph (14/24)
 C - a wand of random effects (17/48)
 E - a wand of polymorph (5/24)
Scrolls
 a - 2 scrolls of fog
 c - 3 scrolls of teleportation
 j - 3 scrolls of recharging
 n - 3 scrolls of remove curse
 q - a scroll of amnesia
 r - 4 scrolls of identify
 u - a scroll of enchant armour
Potions
 b - a potion of lignification
 e - 5 potions of curing
 l - 4 potions of flight
 p - a potion of brilliance {unknown}
 x - a potion of agility {unknown}
 z - a potion of cure mutation {unknown}
 F - a potion of ambrosia {unknown}
Comestibles
 f - 4 bread rations
 k - 2 slices of pizza
 v - 5 fruits
 A - a beef jerky
 B - 2 meat rations


   Skills:
 + Level 6.2(5.3) Fighting
   Level 1.0(0.4) Polearms
   Level 1.0(0.4) Staves
 - Level 3.5(2.7) Throwing
 + Level 3.1(2.2) Armour
 + Level 3.2(2.3) Dodging
   Level 1.0(0.2) Shields
 * Level 5.2(4.3) Unarmed Combat
 + Level 1.0(0.2) Invocations


You had 7 spell levels left.
You didn't know any spells.

Dungeon Overview and Level Annotations

Branches:
Dungeon (8/15)             Temple (1/1) D:6
   Lair: D:8-11

Altars:
Ashenzari
Cheibriados
Dithmenos
Elyvilon
Fedhas
Hepliaklqana
Kikubaaqudgha
Makhleb
Nemelex Xobeh
Okawaru
Qazlal
Ru
Sif Muna
Trog
Uskayaw
Vehumet
Xom
Yredelemnul
Zin
The Shining One

Annotations:
D:6 Prince Ribbit
D:7 dateigeist's ghost, novice HuFi Bailey jasper's ghost, journeyman DsGl


Innate Abilities, Weirdness & Mutations

You are too large for most types of armour.
You have claws for hands.
Your metabolism is lightning-fast.
You like to eat raw meat.
Your natural rate of healing is unusually fast.
You are covered in fur. (AC +1)
You have very tough skin. (AC +2)


Message History

* * * LOW HITPOINT WARNING * * *
You scratch jasper's ghost.
Jasper's ghost is lightly damaged.
Jasper's ghost hits you.
* * * LOW HITPOINT WARNING * * *
You writhe in agony.
* * * LOW HITPOINT WARNING * * *
You scratch jasper's ghost.
Jasper's ghost is lightly damaged.
You closely miss jasper's ghost.
Jasper's ghost is lightly damaged.
Jasper's ghost says, "I won't need demonic support against you."
Jasper's ghost hits you!
* * * LOW HITPOINT WARNING * * *
You writhe in agony.
* * * LOW HITPOINT WARNING * * *
You claw jasper's ghost!
Jasper's ghost is lightly damaged.
Jasper's ghost hits you!!
You die...

#######
##.(...##
#...∩...#
#..@....#
##.W∩..##
##'''##
#.K.#
#...#
.....
......
......≈


You could see jasper's ghost and a kobold.

Vanquished Creatures
  Eustachio (D:5)
  2 ice beasts
  2 phantoms
  Blork the orc (D:5)
  A scorpion (D:7)
  A howler monkey (D:5)
  An orc priest (D:3)
  3 hounds
  3 orc wizards (D:3)
  A centaur skeleton (D:5)
  Natasha (thrice) (D:2)
  Terence (D:3)
  2 worker ants
  A hound skeleton (D:5)
  8 adders
  7 gnolls
  A shadow imp (D:5)
  2 worms (D:2)
  2 dart slugs
  2 leopard geckos
  12 orcs
  A ball python (D:1)
  5 bats
  5 giant cockroaches
  11 goblins
  2 hobgoblins
  3 jackals (D:3)
  3 quokkas
  10 frilled lizards
  4 kobolds
  A leopard gecko skeleton (D:7)
  8 rats
110 creatures vanquished.

Notes
Turn   | Place    | Note
-------+----------+-------------------------------------------
     0 | D:1      | Gingerlord the Troll Wanderer began the quest for the Orb.
     0 | D:1      | Gingerlord set off with: a +2 spear, a potion of lignification, a scroll of teleportation, a +0 robe, 2 bread rations
     0 | D:1      | Reached XP level 1. HP: 26/26 MP: 0/0
   133 | D:1      | Reached skill level 5 in Fighting
   376 | D:1      | Reached XP level 2. HP: 35/35 MP: 1/1
   398 | D:1      | Reached skill level 1 in Dodging
   783 | D:3      | Noticed Terence
   839 | D:3      | Reached XP level 3. HP: 42/42 MP: 2/2
   993 | D:3      | Reached XP level 4. HP: 50/50 MP: 3/3
  1060 | D:3      | Reached skill level 1 in Armour
  1067 | D:3      | Reached skill level 1 in Unarmed Combat
  1084 | D:3      | Reached XP level 5. HP: 46/57 MP: 4/4
  1108 | D:3      | Killed Terence
  1148 | D:3      | Found a glowing silver altar of Zin.
  1210 | D:3      | Found a snail-covered altar of Cheibriados.
  1222 | D:3      | Found a hide-covered altar of Uskayaw.
  1241 | D:3      | Found an ancient bone altar of Kikubaaqudgha.
  1608 | D:2      | Found a faded altar of an unknown god.
  1625 | D:2      | Noticed Natasha
  1646 | D:2      | Killed Natasha
  1646 | D:2      | Reached XP level 6. HP: 49/66 MP: 5/5
  1757 | D:2      | Noticed Natasha
  1763 | D:2      | Killed Natasha
  1869 | D:2      | HP: 3/66 [gnoll/halberd of chopping (2)]
  1950 | D:2      | Noticed Natasha
  1955 | D:2      | Killed Natasha
  2142 | D:4      | Found a stormy altar of Qazlal.
  2669 | D:5      | Entered Level 5 of the Dungeon
  2868 | D:5      | Reached XP level 7. HP: 74/74 MP: 6/6
  3052 | D:5      | Noticed Eustachio
  3053 | D:5      | Noticed Blork the orc
  3119 | D:5      | Killed Blork the orc
  3133 | D:5      | Killed Eustachio
  3264 | D:5      | Found a shadowy altar of Dithmenos.
  3476 | D:5      | Found a hazy altar of Hepliaklqana.
  3777 | D:6      | Noticed Prince Ribbit
  3932 | D:6      | Found a staircase to the Ecumenical Temple.
  3939 | Temple   | Entered the Ecumenical Temple
  4050 | Temple   | Became a worshipper of Makhleb the Destroyer
  4084 | D:6      | Reached skill level 6 in Fighting
  4169 | D:6      | Reached XP level 8. HP: 42/83 MP: 7/7
  4388 | D:6      | Identified the Tome of Poison and Conjuration
  4579 | D:7      | Reached skill level 5 in Unarmed Combat
  4743 | D:7      | Reached skill level 1 in Invocations
  4777 | D:7      | Noticed dateigeist's ghost (novice HuFi)
  4823 | D:8      | Found a flagged portal.
  4877 | Bailey   | Entered a bailey
  4943 | Bailey   | Noticed jasper's ghost (journeyman DsGl)
  4952 | Bailey   | Mangled by jasper's ghost

Skill      XL: |  1  2  3  4  5  6  7  8 |
---------------+-------------------------+-----
Fighting       | 5 6 |  6.2
Dodging        | 1 2 3 |  3.2
Throwing       | 2 3 |  3.5
Armour         | 1 2 3 |  3.1
Unarmed Combat | 1 2 3 4 5 |  5.2
Invocations    | 1 |  1.0
Polearms       | |  1.0
Staves         | |  1.0
Shields        | |  1.0

Action                   |  1- 3 |  4- 6 |  7- 9 || total
-------------------------+-------+-------+-------++-------
Melee: Unarmed           |    92 |   181 |   156 ||   429
       Punch             |       |     1 |     1 ||     2
  Use: Scroll            |       |     9 |     4 ||    13
       Potion            |       |     1 |     2 ||     3
 Stab: Sleeping          |       |     2 |       ||     2
  Eat: Chunk             |    12 |    11 |    17 ||    40
       Meat ration       |       |       |     1 ||     1
Armor: Robe              |    29 |    53 |    44 ||   126
Dodge: Dodged            |    45 |    81 |    51 ||   177
